 Dungeon Crawl Stone Soup version 0.32-a0-540-g866d13106e (webtiles) character file.

Game seed: 4057310564819087415

4179 ezpacito the Trooper (level 10, -11/67 (76) HPs)
             Began as a Demonspawn Chaos Knight on Feb 29, 2024.
             Was a Plaything of Xom.
             Mangled by a yak (13 damage)
             ... on level 8 of the Dungeon.
             The game lasted 00:15:43 (8416 turns).

ezpacito the Trooper (Demonspawn Chaos Knight)      Turns: 8416, Time: 00:15:43

HP:   -11/67 (76)   AC: 16    Str: 16    XL:     10   Next: 8%
MP:   14/14         EV: 10    Int: 12    God:    Xom [*.....]
Gold: 66            SH:  4    Dex: 20    Spells: 2/15 levels left

rFire   + . .        a - +0 hand axe (chaos)
rCold   . . .        (no shield)
rNeg    . . .        p - +0 chain mail
rPois   +            h - +0 helmet
rElec   .            u - +2 cloak
rCorr   .            (no gloves)
SInv    +            (no boots)
Will    .....        s - amulet of faith Stlth
                     n - ring of poison resistance
HPRegen 0.00/turn    q - +6 ring of dexterity
MPRegen 0.14/turn

%: clarity, faith
@: inhibited regen, heavily drained
A: claws 2, icy blue scales 1, powered by death 1, condensation shield, see
invisible, clarity, fire resistance 1, inhibited regeneration
a: Renounce Religion


You were on level 8 of the Dungeon.
You worshipped Xom.
You were a special plaything of Xom.
You visited 2 branches of the dungeon, and saw 9 of its levels.
You also visited: Sewer.

You collected 319 gold pieces.
You spent 253 gold pieces at shops.

Inventory:

Hand Weapons
 a - a +0 hand axe of chaos (weapon)
 c - a +2 whip of flaming
 i - a +1 heavy battleaxe
Missiles
 b - 4 boomerangs
 g - a throwing net (quivered)
 j - 3 atropa-tipped darts
 v - 5 poisoned darts
Armour
 h - a +0 helmet (worn)
 o - a scarf of invisibility
 p - a +0 chain mail (worn)
 u - a +2 cloak (worn)
Jewellery
 m - an amulet of the acrobat
 n - a ring of poison resistance (left claw)
 q - a +6 ring of dexterity (right claw)
 s - an amulet of faith (around neck)
Talismans
 l - a blade talisman
Wands
 d - a wand of flame (1)
 f - a wand of acid (5)
 r - a wand of mindburst (7)
Scrolls
 e - 7 scrolls of identify
 k - 3 scrolls of teleportation
 w - a scroll of revelation
 x - 2 scrolls of noise
 y - a scroll of acquirement
 A - a scroll of vulnerability
Potions
 t - 3 potions of enlightenment
 z - 2 potions of lignification


   Skills:
 * Level 6.2 Fighting
 * Level 5.8(6.2) Axes
 + Level 3.1(4.9) Polearms
 * Level 5.2 Armour
 * Level 4.9 Dodging
 + Level 3.4 Stealth
 * Level 4.8 Unarmed Combat
 + Level 3.0 Spellcasting
 + Level 2.6 Hexes
 + Level 0.4 Alchemy
 + Level 3.0 Evocations


You had 2 spell levels left.
You knew the following spells:

 Your Spells              Type           Power      Damage    Failure   Level
a - Metabolic Englaciati  Hex/Ice        2%         N/A       100%        5
b - Lesser Beckoning      Tloc           2%         N/A       98%         2
c - Sculpt Simulacrum     Ice/Alch       1%         N/A       100%        6

Your spell library contained the following spells:

 Spells                   Type           Power      Damage    Failure   Level
 Shock                    Conj/Air       4%         1d3       95%         1
 Call Imp                 Summ           2%         N/A       98%         2
 Sublimation of Blood     Necr           1%         N/A       98%         2
 Gell's Gravitas          Tloc           1%         N/A       100%        3
 Ozocubu's Armour         Ice            1%         N/A       100%        3
 Swiftness                Air            1%         N/A       100%        3
 Teleport Other           Tloc           1%         N/A       100%        3
 Airstrike                Air            0%         2d(1-17)  100%        4
 Summon Hydra             Summ           0%         N/A       100%        7


Dungeon Overview and Level Annotations

Branches:
Dungeon (8/15)             Temple (1/1) D:7           Sewer (visited)
   Lair: D:8-11

Altars:
Ashenzari
Cheibriados
Dithmenos
Fedhas
Kikubaaqudgha
Nemelex Xobeh
Okawaru
Qazlal
Ru
Sif Muna
Trog
Uskayaw
Xom
Yredelemnul

Shops:
D:6 :?[   D:7 (


Innate Abilities, Weirdness & Mutations

You have very sharp fingernails.
You are partially covered in icy blue scales. (AC +2)
You regenerate a little health from kills.
A meltable shield of frost defends you. (SH +4)
You have supernaturally acute eyesight. (SInv)
You possess an exceptional clarity of mind.
Your flesh is heat resistant. (rF+)
You do not regenerate when monsters are visible.


Message History

You hit the yak but do no damage. "Tag, you're it!"
Nothing appears to happen.
The yak barely misses you. The yak gores you but does no damage.
The yak barely misses you.
You hit the yak.
The yak looks as sick as possible!
The yak is heavily wounded.
You closely miss the yak. The yak gores you! The yak closely misses you.
You hit the yak.
The yak is severely wounded.
You hit the yak.
The yak seems to grow stronger.
The yak closely misses you. The yak gores you. You block the yak's attack.
You closely miss the yak.
The yak is severely wounded.
You hit the yak.
You burn the yak. "This might be better!"
You swap places with the yak.
Some monsters swap places.
The yak looks rather confused.
You hit the yak. You burn the yak.
The yak is heavily wounded.
You barely miss the yak.
The yak barely misses the yak.
The yak barely misses you. The yak gores you but does no damage.
The yak gores the yak.
The yak gores itself but does no damage.
You hit the yak but do no damage.
The yak is heavily wounded.
You hit the yak but do no damage. You block the yak's attack.
The yak gores you.
You are too injured to fight recklessly!
Okay, then.
You feel better.
The yak gores the yak.
The yak gores itself!
The yak is killed!
The yak gores you! The yak misses you. The yak barely misses you.
The yak attacks as it pursues you! The yak gores you!
* * * LOW HITPOINT WARNING * * *
You block the yak's attack. The yak attacks as it pursues you!
The yak gores you!
* * * LOW HITPOINT WARNING * * *
The yak attacks as it pursues you! The yak gores you!
You die...
Xom howls with laughter!

#.##.## #.......##
#>#...####.......<.#
#......[.+.(.......+
###.#...####.........#
#.......# ##.......##
#.#.###.# ##.....##
#.#.# #.# ##...##
#(#.# #.# ##+# #.#.#
#@# #.#.# #Y######
###.#>###.#....###.##
#.........#Y##....†.#
#.#.......Y..........
#.#######.#.##.##...#
#.# #.#.# .# #
#.#######.#.# ..
#.........#.. .##


You could see 2 yaks.

Vanquished Creatures
  A two-headed ogre (D:6)
  Pikel (D:5)
  Sigmund (D:2)
  Eustachio (D:6)
  2 yaks (D:8)
  A steam dragon (D:6)
  Menkaure (D:4)
  2 water moccasins
  A black bear (D:5)
  An ogre (D:6)
  2 crocodiles (Sewer)
  A centaur (D:6)
  A lemure (D:5)
  A phantom (D:6)
  Blork the orc (D:6)
  A bullfrog (D:6)
  2 scorpions
  4 howler monkeys
  2 jellies
  A bombardier beetle (D:5)
  3 orc priests
  A hound (D:6)
  Crazy Yiuf (D:5)
  Terence (D:3)
  5 iguanas
  12 orc wizards
  A sleepcap (D:6)
  A sickly merfolk siren (Sewer)
  A malarious merfolk avatar (Sewer)
  12 adders
  3 river rats
  5 dart slugs
  A ribbon worm (D:5)
  25 orcs
  8 endoplasms
  5 giant cockroaches
  8 hobgoblins
  10 quokkas
  14 ball pythons
  4 bats
  8 frilled lizards
  9 goblins
  7 kobolds
  29 rats
202 creatures vanquished.

Vanquished Creatures (collateral kills)
  Prince Ribbit (D:5)
  A sleepcap (D:6)
  An orc (D:4)
  A hobgoblin (D:4)
4 creatures vanquished.

Vanquished Creatures (others)
  An orc (D:6)
1 creature vanquished.

Grand Total: 207 creatures vanquished

Notes
Turn   | Place    | Note
-------+----------+-------------------------------------------
     0 | D:1      | ezpacito the Demonspawn Chaos Knight began the quest for
                  | the Orb.
     0 | D:1      | Reached XP level 1. HP: 18/18 MP: 1/1
    93 | D:1      | XOM: silly message
   173 | D:1      | Found a faded altar of an unknown god.
   177 | D:1      | Reached skill level 1 in Dodging
   200 | D:1      | Gained mutation: You have sharp fingernails. [demonic
                  | ancestry]
   200 | D:1      | Reached XP level 2. HP: 19/24 MP: 2/2
   580 | D:1      | Reached XP level 3. HP: 28/29 MP: 3/3
   735 | D:2      | Noticed Sigmund
   737 | D:2      | XOM: butterfly on damage
  1022 | D:2      | XOM: divination: magic mapping
  1054 | D:2      | XOM: silly message
  1064 | D:2      | Killed Sigmund
  1065 | D:2      | Reached skill level 1 in Polearms
  1065 | D:2      | Reached skill level 1 in Stealth
  1065 | D:2      | Reached skill level 1 in Unarmed Combat
  1065 | D:2      | Reached XP level 4. HP: 5/37 MP: 3/5
  1065 | D:2      | Reached XP level 5. HP: 5/42 MP: 3/6
  1126 | D:2      | XOM: silly message
  1245 | D:2      | XOM: silly message
  1281 | D:2      | Reached skill level 1 in Spellcasting
  1592 | D:3      | Noticed Terence
  1624 | D:3      | Killed Terence
  1625 | D:3      | Gained mutation: You are partially covered in icy blue
                  | scales. (AC +2) [demonic ancestry]
  1625 | D:3      | Reached XP level 6. HP: 38/48 MP: 7/7
  1754 | D:3      | XOM: 9-stop teleportation journey
  2100 | D:3      | XOM: 1-stop teleportation journey
  2563 | D:4      | Found a glowing drain.
  2595 | Sewer    | Entered a sewer
  2668 | Sewer    | XOM: god gift: 9 stones
  2704 | Sewer    | XOM: god gift: amulet of faith
  2773 | Sewer    | XOM: enchant monster (good)
  2784 | Sewer    | XOM: potion effect (curing)
  2798 | Sewer    | XOM: noise
  2814 | Sewer    | Reached skill level 4 in Fighting
  2922 | Sewer    | XOM: silly message
  3059 | Sewer    | XOM: divination: detect items
  3066 | Sewer    | Reached skill level 1 in Evocations
  3066 | Sewer    | Gained mutation: A meltable shield of frost defends you.
                  | (SH +4) [demonic ancestry]
  3066 | Sewer    | Reached XP level 7. HP: 6/54 MP: 7/9
  3512 | D:4      | Noticed Menkaure
  3518 | D:4      | XOM: butterfly on damage
  3520 | D:4      | Killed Menkaure
  3652 | D:4      | XOM: 1-stop teleportation journey
  3892 | D:4      | XOM: scenery: summon butterflies
  3927 | D:4      | XOM: 4-stop teleportation journey
  3957 | D:4      | XOM: give mutations
  3957 | D:4      | Gained mutation: You are agile. (Dex +4, Str/Int -1) [Xom's
                  | grace]
  3957 | D:4      | Gained mutation: You expend magic power (3 MP) to
                  | strengthen your wands. [Xom's grace]
  3957 | D:4      | Gained mutation: Your flesh is heat resistant. (rF+) [Xom's
                  | grace]
  3957 | D:4      | Gained mutation: You have very sharp teeth. [Xom's grace]
  4337 | D:4      | XOM: cloud trail
  4381 | D:5      | Entered Level 5 of the Dungeon
  4388 | D:5      | Learned a level 5 spell: Metabolic Englaciation
  4441 | D:5      | Noticed Pikel
  4464 | D:5      | XOM: potion effect (heal wounds)
  4470 | D:5      | Killed Pikel
  4471 | D:5      | Reached XP level 8. HP: 55/61 MP: 9/11
  4490 | D:5      | Reached skill level 1 in Hexes
  4515 | D:4      | XOM: polymorph hound -> rat
  4788 | D:4      | XOM: scenery: 1 doors close
  4899 | D:5      | XOM: potion effect (might)
  4902 | D:5      | Reached skill level 5 in Fighting
  4925 | D:5      | XOM: cast spell 'Summon Cactus Giant'
  4925 | D:5      | XOM: butterfly on damage
  5211 | D:5      | XOM: 5-stop teleportation journey
  5613 | D:5      | Found a runed translucent door.
  5614 | D:5      | Noticed Crazy Yiuf
  5860 | D:5      | Noticed Prince Ribbit
  5865 | D:5      | XOM: divination: detect creatures
  5870 | D:5      | XOM: butterfly on damage
  5871 | D:5      | Lost mutation: You are agile. (Dex +4, Str/Int -1) [potion
                  | of mutation]
  5871 | D:5      | Lost mutation: You expend magic power (3 MP) to strengthen
                  | your wands. [potion of mutation]
  5871 | D:5      | Lost mutation: You have very sharp teeth. [potion of
                  | mutation]
  5871 | D:5      | Gained mutation: You have a beak for a mouth. [potion of
                  | mutation]
  5871 | D:5      | Gained mutation: You have supernaturally acute eyesight.
                  | (SInv) [potion of mutation]
  5871 | D:5      | Gained mutation: You are somewhat resistant to further
                  | mutation. [potion of mutation]
  5871 | D:5      | Gained mutation: You are partially covered in large bone
                  | plates. (SH +4) [potion of mutation]
  5874 | D:5      | XOM: fake destruction
  5878 | D:5      | XOM: divination: detect items
  6071 | D:5      | XOM: summons 3 friendly demons
  6072 | D:5      | XOM: divination: detect creatures
  6084 | D:5      | Killed Prince Ribbit
  6135 | D:5      | XOM: cloud trail
  6179 | D:5      | XOM: summons 5 hostile demons
  6306 | D:5      | XOM: god gift: wand of mindburst (7)
  6358 | D:5      | XOM: silly message
  6451 | D:5      | XOM: confuse monster(s)
  6455 | D:5      | Killed Crazy Yiuf
  6456 | D:5      | Gained mutation: You regenerate a little health from kills.
                  | [demonic ancestry]
  6456 | D:5      | Reached XP level 9. HP: 67/68 MP: 12/12
  6498 | D:6      | Reached skill level 5 in Axes
  6512 | D:6      | XOM: scenery: 1 doors close
  6540 | D:6      | Found Weqouch's Magic Scroll Shop.
  6545 | D:6      | Bought a scroll of identify for 26 gold pieces
  6545 | D:6      | Bought a scroll of identify for 26 gold pieces
  6545 | D:6      | Bought a scroll of identify for 26 gold pieces
  6545 | D:6      | Bought a scroll of revelation for 97 gold pieces
  6545 | D:6      | Bought a scroll of noise for 13 gold pieces
  6545 | D:6      | Bought a scroll of identify for 26 gold pieces
  6545 | D:6      | Bought a scroll of teleportation for 39 gold pieces
  6546 | D:6      | Noticed Eustachio
  6548 | D:6      | Noticed a two-headed ogre
  6562 | D:6      | Killed a two-headed ogre
  6575 | D:6      | Killed Eustachio
  6672 | D:6      | XOM: summons friendly white imp
  6779 | D:6      | XOM: god gift: mace {god gift}
  6781 | D:6      | XOM: enchant monster (good)
  6835 | D:6      | XOM: divination: detect items
  6844 | D:6      | XOM: swap monsters
  6847 | D:6      | XOM: blink monster(s)
  6850 | D:6      | XOM: enchant monster (good)
  6851 | D:6      | XOM: confusion (+ monsters)
  6996 | D:6      | Found Redelaat's Armour Shop.
  7019 | D:6      | Found Ohaic's Book Shop.
  7108 | D:6      | XOM: scenery: 2 doors close
  7109 | D:6      | XOM: enchant monster (bad)
  7112 | D:6      | XOM: enchant monster (bad)
  7295 | D:6      | XOM: give mutation
  7295 | D:6      | Lost mutation: You have a beak for a mouth. [Xom's
                  | mischief]
  7357 | D:6      | Reached skill level 6 in Fighting
  7447 | D:6      | Reached skill level 5 in Armour
  7491 | D:6      | Noticed Blork the orc
  7500 | D:6      | XOM: butterfly on damage
  7508 | D:6      | Killed Blork the orc
  7747 | D:6      | Identified a scroll of acquirement
  7759 | D:7      | Learned a level 2 spell: Lesser Beckoning
  7766 | D:7      | Learned a level 6 spell: Sculpt Simulacrum
  7785 | D:7      | XOM: cleaving
  7823 | D:7      | Found a staircase to the Ecumenical Temple.
  7848 | Temple   | Entered the Ecumenical Temple
  7953 | D:7      | XOM: give mutations
  7953 | D:7      | Lost mutation: You are partially covered in large bone
                  | plates. (SH +4) [Xom's mischief]
  7953 | D:7      | Gained mutation: You possess an exceptional clarity of
                  | mind. [Xom's mischief]
  7953 | D:7      | Lost mutation: You are somewhat resistant to further
                  | mutation. [Xom's mischief]
  7953 | D:7      | Gained mutation: You have hidden genetic potential. [Xom's
                  | mischief]
  7953 | D:7      | Lost mutation: You have hidden genetic potential. [Xom's
                  | mischief]
  8042 | D:7      | XOM: silly message
  8069 | D:7      | XOM: give mutation
  8069 | D:7      | Gained mutation: You do not regenerate when monsters are
                  | visible. [Xom's mischief]
  8161 | D:7      | XOM: polymorph ogre -> frilled lizard
  8199 | D:7      | Found Tuclafam's Weapon Shop.
  8309 | D:8      | Gained mutation: You have very sharp fingernails. [demonic
                  | ancestry]
  8309 | D:8      | Reached XP level 10. HP: 67/76 MP: 14/14
  8394 | D:8      | XOM: blink monster(s)
  8399 | D:8      | XOM: draining
  8408 | D:8      | XOM: swap monsters
  8415 | D:8      | HP: 2/67 [yak (10)]
  8416 | D:8      | Mangled by a yak

Illustrated notes

Levels and vault maps discovered:
D:1:      scummos_arrival_simple_crosswalls, layout_basic,
          shapermc_ecumenical_altar_venn, minmay_tetromino_o2
D:2:      layout_rooms, uniq_sigmund
D:3:      layout_loops_ring, hangedman_decor_diamond_cutter, kennysheep_path_1,
          uniq_terence
D:4:      layout_basic, portal_sewer_entry_a, uniq_menkaure
D:5:      layout_basic, serial_library, serial_library_regret_index_small_wings,
          serial_library_hellmonk_long_bookcase, serial_library_hellmonk_room_c,
          serial_library_hellmonk_open_square,
          serial_library_hellmonk_hallway_a, serial_library_hellmonk_junction,
          serial_library_hellmonk_hallway_b, serial_library_hellmonk_room_c,
          serial_library_hellmonk_semicircle, uniq_prince_ribbit1, uniq_pikel,
          uniq_crazy_yiuf_cottage
D:6:      layout_basic, serial_shops, nicolae_shop_tiny_statue_garden, shop,
          nicolae_shop_pleasant_corner_grove, serial_library_hellmonk_room_a,
          uniq_blork_the_orc, uniq_eustachio
D:7:      layout_basic, minmay_temple_entry_tees, serial_shops, kennysheep_mini,
          hangedman_abyss_or_decor_lesser_grid
D:8:      layout_loops_corners, chequers_temple_overflow_minitemple, uniq_psyche
Temple:   minmay_crystal_spiral_temple

Skill      XL: |  1  2  3  4  5  6  7  8  9 |
---------------+----------------------------+-----
Dodging        | 1 2 3 4 |  4.9
Armour         | 2 3 4 5 |  5.2
Axes           | 3 4 5 |  5.8
Polearms       | 1 2 3 |  3.1
Stealth        | 1 2 3 |  3.4
Unarmed Combat | 1 2 3 4 |  4.8
Spellcasting   | 1 2 3 |  3.0
Fighting       | 4 5 6 |  6.2
Evocations     | 1 2 3 |  3.0
Hexes          | 1 2 |  2.6
Alchemy        | |  0.4

Action                     |  1- 3 |  4- 6 |  7- 9 | 10-12 || total
---------------------------+-------+-------+-------+-------++-------
  Melee: Hand axe          |   126 |   208 |   398 |    21 ||   753
         Bite              |       |       |    28 |       ||    28
         Peck              |       |       |    30 |       ||    30
  Evoke: Wand              |       |     7 |    12 |       ||    19
    Use: Potion            |     3 |     2 |     4 |     1 ||    10
         Scroll            |       |     6 |    10 |       ||    16
   Stab: Paralysed         |     2 |     7 |     2 |       ||    11
         Sleeping          |     2 |     5 |     1 |       ||     8
         Confused          |       |     2 |     6 |       ||     8
         Distracted        |       |     1 |     2 |       ||     3
         Petrified         |       |       |    14 |       ||    14
         Petrifying        |       |       |     5 |       ||     5
 Armour: Leather armour    |    80 |   123 |    71 |       ||   274
         Skin              |    25 |       |       |       ||    25
         Chain mail        |       |       |   285 |    28 ||   313
  Dodge: Dodged            |    57 |   142 |   219 |    22 ||   440
  Block: Other             |       |       |   103 |     8 ||   111

Table legend: (Time is in decaauts)
 A = Elapsed time spent in this place.
 B = Non-inter-level travel time spent in this place.
 C = Inter-level travel time spent in this place.
 D = Time resting spent in this place.
 E = Time spent auto-exploring this place.
 F = Levels seen in this place.
 G = Mean time per level.
                   A        B        C        D        E       F      G
               +--------+--------+--------+--------+--------+-----+--------+
         Total |   8481 |   8197 |    284 |    951 |   5445 |  10 |  848.1 |
       Dungeon |   7627 |   7344 |    283 |    837 |   4969 |   8 |  953.4 |
        Temple |      1 |      1 |      0 |      0 |      0 |   1 |    1.0 |
         Sewer |    852 |    852 |      0 |    114 |    475 |   1 |  852.0 |
               +--------+--------+--------+--------+--------+-----+--------+

Top non-repeatable levels by time:
     D:4: 1595 daAuts
     D:5: 1559 daAuts
     D:6: 1264 daAuts
     D:3: 1023 daAuts
   Sewer: 852 daAuts
     D:1: 831 daAuts
     D:2: 694 daAuts
     D:7: 533 daAuts
     D:8: 125 daAuts
  Temple: 1 daAuts
